Map: 카탈리스트 - 래더

Players

Braveheart (F91)

  • Race: Zerg Zerg
  • League: Master
  • Spawn Location: 11:00

JinairRogue (Rogue) - Winner!

  • Race: Zerg Zerg
  • Spawn Location: 5:00

Event: 2018 Hangzhou StarCraft Carnival

VOD

Have the link to the VOD?

Description

Time

  • Played on: April 29, 2018, 2:15 a.m.
  • Length: 11:37

All games in this series

Show
View Real Time Build Order
Export as new Build Order

Braveheart Zerg 

Build Orders: 1 Base Baneling Bust, Pool First 

Get SALT Encoding   

  12  0:18  Spawning Pool  
  11  0:22  Extractor  
  11  0:24  Drone  
  11  0:29  Drone  
  11  0:34  Drone  
  13  0:50  Overlord  
  13  1:05  Zergling x2  
  13  1:07  Queen  
  16  1:16  Zergling x2  
  17  1:21  Metabolic Boost  
  17  1:26  Zergling x2  
  18  1:40  Zergling x2  
  18  1:46  Baneling Nest  
  18  1:50  Zergling x2  
  19  2:01  Overlord  
  19  2:02  Zergling x2  
  20  2:10  Zergling x2  
  20  2:13  Zergling x2  
  22  2:20  Zergling x2  
  23  2:31  Baneling  
  23  2:32  Baneling x3  
  23  2:33  Zergling x2  
  24  2:39  Zergling x2  
  24  2:52  Zergling x2  
  24  2:53  Zergling x4  
  23  3:11  Zergling x2  
  23  3:12  Zergling x4  
  24  3:25  Zergling x2  
  24  3:40  Zergling x2  
  25  3:54  Drone  
  25  3:55  Drone x3  
  27  4:08  Hatchery, Drone  
  27  4:24  Drone x2  
  28  4:34  Overlord  
  28  4:35  Drone  
  28  4:52  Queen  
  28  4:54  Drone  
  28  4:55  Drone x2  
  28  4:58  Drone x3  
  36  5:15  Overlord  
  36  5:20  Extractor  
  36  5:21  Drone x2  
  36  5:27  Drone x3  
  40  5:31  Lair  
  40  5:46  Drone x2  
  40  5:49  Drone x2  
  44  5:50  Spine Crawler  
  43  5:59  Drone  
  43  6:03  Drone x7  
  51  6:06  Extractor  
  51  6:08  Extractor  
  49  6:15  Overlord  
  49  6:17  Drone  
  50  6:23  Baneling x2  
  50  6:26  Drone  
  50  6:27  Drone  
  50  6:32  Hatchery  
  51  6:33  Drone  
  51  6:34  Drone  
  51  6:36  Drone x2  
  55  6:43  Spire  
  54  6:48  Drone  
  54  6:53  Overlord x2  
  55  6:55  Zergling x2  
  55  6:57  Zergling x2  
  57  7:20  Overlord  
  57  7:22  Drone x2  
  55  7:23  Drone x4  
  59  7:32  Spine Crawler  
  59  7:33  Spine Crawler  
  59  7:34  Spine Crawler  
  56  7:44  Zergling x2  
  56  7:45  Zergling x16  
  56  7:48  Queen  
  59  8:07  Mutalisk x6  
  59  8:08  Mutalisk x3  
  71  8:16  Queen  
  71  8:19  Queen  
  71  8:22  Zergling x2  
  71  8:23  Zergling x4  
  67  8:27  Drone  
  44  8:46  Drone x4  
  41  8:58  Drone  
  41  9:07  Queen  
  34  9:34  Drone x3  
  37  9:38  Unknown  
  37  9:39  Unknown x2  
  35  9:58  Nydus Network  
  34  10:03  Zergling x8  
  38  10:15  Zergling x4  
  40  10:24  Zergling x6  
  40  10:26  Zergling x2  
  44  10:39  Nydus Canal  
  37  11:08  Spine Crawler x2  
Show
View Real Time Build Order
Export as new Build Order

JinairRogue Zerg - Winner!

Build Orders: Pool First 

Get SALT Encoding   

  12  0:17  Spawning Pool  
  11  0:21  Drone  
  11  0:26  Drone  
  13  0:31  Drone  
  14  0:40  Overlord  
  15  1:04  Zergling x4  
  15  1:05  Zergling x2  
  17  1:16  Zergling x2  
  18  1:20  Hatchery  
  17  1:26  Zergling x2  
  18  1:34  Queen  
  18  1:39  Zergling x2  
  21  1:49  Overlord  
  21  2:01  Drone  
  22  2:10  Spine Crawler  
  22  2:12  Queen  
  23  2:26  Zergling x4  
  24  2:31  Queen  
  26  2:37  Zergling x2  
  26  2:54  Spine Crawler  
  26  2:56  Zergling x2  
  25  3:05  Zergling x6  
  22  3:17  Zergling x2  
  23  3:30  Drone  
  23  3:31  Drone  
  25  3:40  Drone  
  25  3:45  Spine Crawler  
  24  3:52  Zergling x4  
  28  4:07  Drone  
  30  4:18  Drone x2  
  30  4:20  Drone  
  33  4:24  Drone x2  
  32  4:33  Overlord  
  32  4:34  Drone  
  33  4:43  Drone x2  
  35  4:45  Drone  
  35  4:48  Extractor  
  35  4:49  Extractor  
  35  4:52  Drone  
  35  4:53  Drone  
  35  4:58  Drone x3  
  35  4:59  Drone  
  40  5:00  Drone  
  41  5:09  Drone x2  
  41  5:11  Evolution Chamber  
  41  5:12  Overlord  
  42  5:17  Drone  
  43  5:26  Drone, Roach Warren  
  43  5:29  Drone  
  43  5:31  Drone  
  43  5:33  Drone  
  46  5:36  Drone  
  46  5:43  Lair  
  46  5:49  Drone x2  
  49  5:50  Drone  
  49  5:53  Extractor  
  49  5:55  Zerg Missile Weapons Level 1  
  48  5:57  Drone  
  48  5:58  Drone  
  48  6:02  Overlord  
  50  6:05  Drone  
  50  6:08  Overlord  
  51  6:14  Overlord  
  51  6:25  Drone x3  
  54  6:27  Roach x4  
  62  6:42  Glial Reconstitution  
  62  6:44  Hatchery  
  61  6:48  Overseer  
  61  6:49  Overseer  
  61  6:50  Roach  
  61  6:51  Roach  
  65  6:58  Roach x3  
  71  7:02  Overlord  
  71  7:10  Overlord  
  71  7:12  Roach x2  
  71  7:23  Roach x5  
  81  7:33  Overlord x2  
  81  7:37  Roach x3  
  87  7:49  Roach x2  
  91  7:52  Roach x2  
  91  7:54  Roach x3  
  91  7:56  Drone  
  101  8:03  Drone x4  
  101  8:05  Drone  
  105  8:10  Drone x2  
  101  8:16  Drone x2  
  101  8:22  Overlord  
  101  8:23  Drone x2  
  101  8:24  Drone  
  104  8:27  Overlord  
  104  8:28  Hydralisk Den  
  104  8:30  Drone x2  
  104  8:32  Zerg Missile Weapons Level 2  
  105  8:37  Drone x2  
  105  8:39  Spore Crawler x2  
  97  8:42  Spore Crawler  
  97  8:47  Spore Crawler  
  85  8:51  Drone  
  85  8:52  Drone x2  
  85  8:54  Extractor  
  83  8:55  Extractor  
  83  9:00  Overlord  
  78  9:07  Hydralisk x6  
  86  9:10  Grooved Spines  
  86  9:13  Hydralisk  
  80  9:20  Hydralisk  
  76  9:28  Hydralisk x2  
  80  9:33  Spore Crawler  
  80  9:38  Hydralisk x3  
  79  9:42  Overlord  
  79  9:44  Extractor  
  79  9:45  Roach x3  
  90  9:46  Drone x4  
  90  9:48  Drone  
  90  9:49  Drone x2  
  90  9:51  Overlord  
  97  9:56  Roach x2  
  97  9:59  Roach  
  103  10:04  Roach x2  
  105  10:14  Roach x5  
  115  10:15  Roach  
  115  10:18  Roach  
  115  10:20  Roach  
  119  10:27  Overlord x2  
  119  10:29  Roach  
  119  10:32  Ravager  
  119  10:34  Overlord  
  120  10:45  Roach  
  120  10:46  Roach x2  
  126  10:51  Roach  
  126  10:52  Roach  
  126  10:53  Roach x2  
  126  10:54  Roach x2  
  136  11:08  Roach x2  
  136  11:10  Overlord  
  133  11:15  Roach x2  
Tags
 
Add a new tag
Caveats
  • Supply blocks, unpowered buildings, or Contaminate may cause inaccurate times.
  • Supply counts are checked every 10 seconds.